 Dungeon Crawl Stone Soup version 0.31-a0-618-g7ca08c1ff9 (webtiles) character file.

Game seed: 8029808775950609197

123 spiderkeys the Ruffian (level 5, -15/35 HPs)
             Began as an Octopode Shapeshifter on Aug 22, 2023.
             Demolished by an ogre
             ... wielding a +0 giant club
              (34 damage)
             ... on level 2 of the Dungeon.
             The game lasted 00:03:56 (2741 turns).

spiderkeys the Ruffian (Octopode Shapeshifter)      Turns: 2741, Time: 00:03:57

Health: -15/35     AC:  1    Str: 15    XL:     5   Next: 7%
Magic:  5/5        EV: 14    Int: 10    God:
Gold:   125        SH:  0    Dex: 14    Spells: 4/4 levels left

rFire   . . .        g - +1 dagger (speed)
rCold   . . .        (no shield)
rNeg    + . .        (helmet currently unavailable)
rPois   .            (no amulet)
rElec   .            N - ring of positive energy
rCorr   .            (no ring)
SInv    .            (no ring)
Will    .....        (no ring)
Stlth   ++           (no ring)
HPRegen 0.25/turn    (no ring)
MPRegen 0.09/turn    (no ring)
                     (no ring)

%: no passive effects
@: beast-form
A: beast (slay +2), almost no armour, amphibious, 8 rings, camouflage 1,
gelatinous body 1, (nimble swimmer 1), tentacles
a: Begin Untransformation


You were on level 2 of the Dungeon.
You were a hulking beast.
You visited 1 branch of the dungeon, and saw 4 of its levels.

You collected 125 gold pieces.


Innate Abilities, Weirdness & Mutations

You are a hulking beast.
Your limbs bulge with bestial killing power. (Slay +2)
You cannot wear most types of armour.
You are amphibious.
You can wear up to eight rings at the same time.
Your skin changes colour to match your surroundings (Stealth+).
Your rubbery body absorbs attacks. (AC +1, EV +1)
((You are camouflaged when in or above water. (Stealth+)))
You have tentacles for arms and can constrict up to eight enemies at once.


   Skills:
 + Level 2.4 Fighting
 + Level 3.0 Dodging
 + Level 3.7 Unarmed Combat
 + Level 3.6 Shapeshifting


You had 4 spell levels left.
You didn't know any spells.
Your spell library was empty.

Inventory:

Hand Weapons
 g - a +1 dagger of speed (weapon)
   (You took it off a goblin on level 1 of the Dungeon)
Missiles
 d - 34 stones
 f - 2 throwing nets {=f!f}
 s - 2 boomerangs
Jewellery
 N - a ring of positive energy (left tentacle)
   (You found it on level 1 of the Dungeon)
Talismans
 b - a beast talisman (active)
 c - a flux talisman
Wands
 t - a wand of digging (8)
   (You found it on level 3 of the Dungeon)
Scrolls
 k - a scroll of immolation {!r!r}
 l - a scroll of blinking {!r}
 m - a scroll of revelation
Potions
 a - 3 potions of lignification {!q}
 e - a potion of attraction {unknown}
 j - a potion of mutation {unknown}
 n - 2 potions of invisibility {unknown}
 q - a potion of degeneration {unknown}
 r - a potion of curing {unknown}

Dungeon Overview and Level Annotations

Branches:
Dungeon (4/15) Zot: 21285
 Temple: D:4-7

Altars:
Wu Jian

#.# #.#####....#####. #.#
#................ #.#
#######...####### ###.#
##.## ##...## #.#
##.....## #.# ##.......##
##+## #........O# ##...##
#........h# ##.....##
#.........# ##.......## #
#........[###.........####
#.#.........+.........'...
#.#.......###.........####
#.#.###...# ##.......## #
#.#.###...# ##.....##
#.#.......# ##...##
#........## ##'##


You could see an ogre.


Message History

The black bear growls angrily.
Okay, then.
Things that are here:
a +0 whip; an orc corpse 😎 HP[+1]
Your hp is fully restored (35).
Throw: 2 boomerangs
Press: ? - help, Shift-Dir - straight line, f - ogre
Aim: an ogre, wielding a +0 giant club (wandering, hasn't noticed you, 74% to hit)
You throw a boomerang. The ogre shouts!
The boomerang hits the ogre but does no damage.
Throw: 2 boomerangs
Press: ? - help, Shift-Dir - straight line, f/p - ogre
Aim: an ogre, wielding a +0 giant club (74% to hit)
You throw a boomerang.
The boomerang hits the ogre but does no damage.
There is a stone staircase leading up here.
The ogre closely misses you.
You climb upwards.
There is a stone staircase leading down here.
Things that are here:
a +0 short sword; an orc skeleton You hit the ogre.
You squeeze the ogre. You barely miss the ogre. The ogre barely misses you.
You barely miss the ogre. Your squeeze misses the ogre.
You barely miss the ogre. You squeeze the ogre!
The ogre hits you with a +0 giant club!!
Ouch! That really hurt!
* * * LOW HITPOINT WARNING * * *
😨 HP[-19]
You take 19 damage, and now have 16/35 hp.
MASSIVE DAMAGE!! (PAUSE) 😨 HP[+1] 😮 HP[+1] 😮 HP[+1]
There is a stone staircase leading up here.
You climb upwards.
There is a stone staircase leading down here. 😮 HP[+1]
You start resting. 😎 HP[+15]
Your hp is fully restored (35).
You climb downwards.
There is a stone staircase leading up here.
Unknown command.
You hit the ogre.
The ogre hits you with a +0 giant club!!
Ouch! That really hurt!
* * * LOW HITPOINT WARNING * * *
😱 HP[-27]
You take 27 damage, and now have 8/35 hp.
MASSIVE DAMAGE!! (PAUSE)
The ogre closely misses you.
You climb upwards.
There is a stone staircase leading down here. 😨 HP[+1] 😨 HP[+1] 😨 HP[+1] 😨 HP[+1] 😨 HP[+1] 😨 HP[+1] 😨 HP[+1] 😨 HP[+1] 😨 HP[+1] 😮 HP[+1]
There is a stone staircase leading down here. 😮 HP[+1] 😮 HP[+1] 😮 HP[+1]
You see here a +0 ring mail.
There is a stone staircase leading down here. 😮 HP[+1] 😮 HP[+1] 😮 HP[+1] 😮 HP[+1] 😮 HP[+1]
You see here a +0 ring mail. 😕 HP[+1] 😕 HP[+1] 😕 HP[+1]
You see here a +0 ring mail. 😕 HP[+1]
The ogre attacks as it pursues you!
The ogre closely misses you. 😕 HP[+1] 😕 HP[+1] 😕 HP[+1] 😕 HP[+1]
There is a stone staircase leading up here.
You hit the ogre.
The ogre hits you with a +0 giant club! 😮 HP[-16]
You take 16 damage, and now have 18/35 hp.
MASSIVE DAMAGE!! (PAUSE)
You hit the ogre. You squeeze the ogre! You barely miss the ogre.
Your squeeze misses the ogre. 😮 HP[+1]
You hit the ogre. You squeeze the ogre.
The ogre hits you with a +0 giant club!!
Ouch! That really hurt!
You die...

Skill      XL: |  1  2  3  4 |
---------------+-------------+-----
Fighting       | 2 |  2.4
Dodging        | 3 |  3.0
Unarmed Combat | |  3.7
Shapeshifting  | |  3.6

Action                     |  1- 3 |  4- 6 || total
---------------------------+-------+-------++-------
  Melee: Unarmed           |    12 |       ||    12
         Tentacles         |    15 |    10 ||    25
         Constrict         |    15 |     8 ||    23
         Punch             |     2 |     1 ||     3
         Dagger            |    49 |    34 ||    83
  Throw: Boomerang         |       |     2 ||     2
    Use: Scroll            |       |     6 ||     6
   Stab: Sleeping          |     3 |       ||     3
 Armour: Skin              |     2 |     2 ||     4
  Dodge: Dodged            |    29 |    22 ||    51

Levels and vault maps discovered:
D:1:      matt_arrival_los_fun, layout_basic, hangedman_feature_mirror
D:2:      layout_loops_corners
D:3:      layout_basic, glass_columns_c
D:4:      layout_layer_cave, nicolae_wu_jian_wuxing_cycle, uniq_sigmund

Notes
Turn   | Place    | Note
-------+----------+-------------------------------------------
     0 | D:1      | spiderkeys the Octopode Shapeshifter began the quest for
                  | the Orb.
     0 | D:1      | Reached XP level 1. HP: 13/13 MP: 1/1
     0 | D:1      | magus.rc [v1.11.6]
   223 | D:1      | Reached XP level 2. HP: 16/18 MP: 2/2
   939 | D:2      | Reached XP level 3. HP: 23/23 MP: 3/3
  1762 | D:3      | Noticed a scorpion
  1775 | D:3      | Killed a scorpion
  1776 | D:3      | Reached skill level 2 in Fighting
  1776 | D:3      | Reached XP level 4. HP: 13/29 MP: 4/4
  2079 | D:3      | Reached skill level 3 in Dodging
  2079 | D:3      | Reached XP level 5. HP: 28/35 MP: 5/5
  2521 | D:4      | Found an ornate altar of the Wu Jian Council.
  2536 | D:4      | Noticed an ogre
  2538 | D:4      | Noticed a black bear
  2635 | D:3      | HP: 8/35 [ogre/+0 giant club (27)]
  2741 | D:2      | Demolished by an ogre

Vanquished Creatures
  A scorpion (D:3)
  An adder (D:3)
  A worm (D:2)
  2 orcs
  6 ball pythons
  4 bats
  3 endoplasms (D:1)
  3 giant cockroaches
  2 hobgoblins
  3 jackals (D:3)
  5 kobolds
  2 quokkas
  A frilled lizard (D:1)
  7 goblins
  2 rats (D:1)
43 creatures vanquished.

Table legend:
 A = Non-vault XP
 B = Vault XP
 C = Vault XP percentage of total XP
 D = Non-vault monster count
 E = Vault monster count
 F = Vault count percentage of total count
                 A         B        C        D         E       F
            +---------+---------+-------+---------+---------+-------
      Total |     172 |       4 |   2.3 |      41 |       2 |   4.7
            +---------+---------+-------+---------+---------+-------
        D:1 |      28 |       4 |  12.5 |      17 |       2 |  10.5
        D:2 |      18 |       0 |   0.0 |       8 |       0 |   0.0
        D:3 |     123 |       0 |   0.0 |      15 |       0 |   0.0
        D:4 |       3 |       0 |   0.0 |       1 |       0 |   0.0
            +---------+---------+-------+---------+---------+-------

Skill      XL: |  1  2  3  4 |
---------------+-------------+-----
Fighting       | 2 |  2.4
Dodging        | 3 |  3.0
Unarmed Combat | |  3.7
Shapeshifting  | |  3.6

Action                     |  1- 3 |  4- 6 || total
---------------------------+-------+-------++-------
  Melee: Unarmed           |    12 |       ||    12
         Tentacles         |    15 |    10 ||    25
         Constrict         |    15 |     8 ||    23
         Punch             |     2 |     1 ||     3
         Dagger            |    49 |    34 ||    83
  Throw: Boomerang         |       |     2 ||     2
    Use: Scroll            |       |     6 ||     6
   Stab: Sleeping          |     3 |       ||     3
 Armour: Skin              |     2 |     2 ||     4
  Dodge: Dodged            |    29 |    22 ||    51

Illustrated notes

Table legend:
 A = Kills in this place as a percentage of kills in the entire game.
 B = Kills by you in this place as a percentage of kills by you in the entire game.
 C = Kills by friends in this place as a percentage of kills by friends in the entire game.
 D = Other kills in this place as a percentage of other kills in the entire game.
 E = Experience gained in this place as a percentage of experience gained in the entire game.
 F = Experience gained in this place divided by the number of levels of this place that you have seen.
                   A       B       C       D       E      F
               +-------+-------+-------+-------+-------+----------------------
         Total | 100.0 | 100.0 |   N/A |   N/A | 100.0 |  44.0
       Dungeon | 100.0 | 100.0 |   N/A |   N/A | 100.0 |  44.0
               +-------+-------+-------+-------+-------+----------------------

Table legend: (Time is in decaauts)
 A = Elapsed time spent in this place.
 B = Non-inter-level travel time spent in this place.
 C = Inter-level travel time spent in this place.
 D = Time resting spent in this place.
 E = Time spent auto-exploring this place.
 F = Levels seen in this place.
 G = Mean time per level.
                   A        B        C        D        E       F      G
               +--------+--------+--------+--------+--------+-----+--------+
         Total |   2713 |   2627 |     86 |    105 |   2099 |   4 |  678.2 |
       Dungeon |   2713 |   2627 |     86 |    105 |   2099 |   4 |  678.2 |
               +--------+--------+--------+--------+--------+-----+--------+

Top non-repeatable levels by time:
     D:2: 965 daAuts
     D:1: 903 daAuts
     D:3: 807 daAuts
     D:4: 37 daAuts
